 Dungeon Crawl Stone Soup version 0.19.1 (webtiles) character file.

128 Gargo the Digger (level 5, 0/28 HPs)
             Began as a Gargoyle Earth Elementalist on Dec 6, 2016.
             Slain by an iguana (7 damage)
             ... on level 3 of the Dungeon.
             The game lasted 00:12:09 (2404 turns).

Gargo the Digger (Gargoyle Earth Elementalist)      Turns: 2404, Time: 00:12:09

Health: 0/28       AC:  6    Str:  8 (11) XL:     5   Next: 11%
Magic:  0/11       EV: 12    Int: 16 (17) God:
Gold:   111        SH:  0    Dex:  8 (10) Spells: 2 memorised, 8 levels left

rFire  . . .     SeeInvis .     a - +1 hand axe (chop)
rCold  . . .     Gourm    +     c - +0 robe
rNeg   + . .     Faith    .     (no shield)
rPois  ∞         Spirit   .     (no helmet)
rElec  +         Reflect  .     (no cloak)
rCorr  +         Harm     .     (no gloves)
MR     .....                    (no boots)
Stlth  ++........               y - amulet of the gourmand
                                C - ring of poison resistance
                                i - ring of resist corrosion

@: very slightly contaminated
A: negative energy resistance 1, electricity resistance, unbreathing,
petrification resistance, rot immunity, AC +4
a: no special abilities


You were on level 3 of the Dungeon.
You were completely stuffed.

You visited 1 branch of the dungeon, and saw 4 of its levels.

You collected 111 gold pieces.

Inventory:

Hand Weapons
 a - a +1 hand axe of chopping (weapon)
 m - a +0 dagger
 q - a +0 short sword
 x - a +0 mace
 D - a +1 war axe of pain
Missiles
 b - 44 stones (quivered)
Armour
 c - a +0 robe (worn)
Jewellery
 i - a ring of resist corrosion (left hand)
 y - an amulet of the gourmand (around neck)
 A - an uncursed amulet of faith
 C - a ring of poison resistance (right hand)
Scrolls
 f - a scroll of immolation {unknown}
 g - a scroll of random uselessness {unknown}
 h - 2 scrolls of teleportation {unknown}
 j - a scroll of identify
 n - a scroll of enchant weapon {unknown}
 o - a scroll of remove curse {unknown}
 p - 3 scrolls of fog
 s - a scroll of amnesia {unknown}
 t - a scroll of noise
 z - a scroll of enchant armour {unknown}
Potions
 k - a potion of ambrosia {unknown}
 r - a potion of degeneration
 w - a potion of curing {unknown}
 B - a potion of lignification {unknown}
 E - 2 potions of cure mutation {unknown}
 G - a potion of magic {unknown}
Books
 e - a book of Geomancy

   Spells                             Type                      Level
   a - Sandblast                      Earth                        1
   b - Passwall                       Transmutation/Earth          2
   c - Stone Arrow                    Conjuration/Earth            3
   d - Petrify                        Transmutation/Earth          4
   e - Lee's Rapid Deconstruction     Earth                        5
Comestibles
 d - 4 bread rations
 l - a meat ration
 u - a royal jelly
 v - a beef jerky
 F - 2 chunks of flesh


   Skills:
 - Level 1.5 Dodging
 - Level 2.1 Stealth
 * Level 4.0 Spellcasting
 + Level 1.4 Conjurations
   Level 0.7 Transmutations
 + Level 4.4 Earth Magic


You had 8 spell levels left.
You knew the following spells:

 Your Spells              Type           Power        Failure   Level  Hunger
a - Sandblast             Erth           ###...       2%          1    None
A - Stone Arrow           Conj/Erth      ##....       17%         3    ###....


Dungeon Overview and Level Annotations

Branches:
Dungeon (4/15)
 Temple: D:4-7

Altars:
Dithmenos
Nemelex Xobeh


Innate Abilities, Weirdness & Mutations

You are resistant to torment.
Your stone body is resilient. (AC +4)
You are immune to poison.
You resist negative energy. (rN+)
You are resistant to electric shocks. (rElec)
You can survive without breathing.
You are immune to petrification.
You are immune to rotting.


Message History

The iguana is severely wounded.
The iguana bites you.
* * * LOW HITPOINT WARNING * * *
Casting: Sandblast
Confirm with . or Enter, or press ? or * to list all spells.
Aiming: Sandblast
Press: ? - help, Shift-Dir - straight line, f/p - iguana
Aim: an iguana (severely wounded)
You miscast Sandblast.
You are very lightly contaminated with residual magic.
You feel gritty. The iguana misses you.
Casting: Sandblast
Confirm with . or Enter, or press ? or * to list all spells.
Aiming: Sandblast
Press: ? - help, Shift-Dir - straight line, f/p - iguana
Aim: an iguana (severely wounded)
The blast of sand hits the iguana.
The iguana is severely wounded.
The iguana bites you!
You die...

#.# #.# #.#
#.# #.# #.#
##### #l#
.....
#@##########
#####
#..........#
##########.#
#.#######
#........
#.#######
###


You could see an iguana.

Vanquished Creatures
  An orc wizard (D:3)
  4 adders
  2 oozes
  A leopard gecko (D:1)
  3 orcs (D:3)
  7 bats
  2 giant cockroaches
  4 goblins
  6 hobgoblins
  8 jackals
  6 kobolds
  A ball python (D:1)
  3 frilled lizards
  3 rats
51 creatures vanquished.

Notes
Turn   | Place    | Note
-------+----------+-------------------------------------------
     0 | D:1      | Gargo the Gargoyle Earth Elementalist began the quest for the Orb.
     0 | D:1      | Reached XP level 1. HP: 10/10 MP: 3/3
   294 | D:1      | Reached XP level 2. HP: 15/15 MP: 1/5
   622 | D:2      | Reached XP level 3. HP: 18/19 MP: 0/7
   634 | D:2      | Learned a level 3 spell: Stone Arrow
  1030 | D:2      | Found a sparkling altar of Nemelex Xobeh.
  1301 | D:2      | Reached skill level 1 in Conjurations
  1301 | D:2      | Reached XP level 4. HP: 24/24 MP: 2/9
  2152 | D:3      | Reached XP level 5. HP: 27/28 MP: 1/10
  2228 | D:3      | Found a shadowy altar of Dithmenos.
  2404 | D:3      | Slain by an iguana

Skill      XL: |  1  2  3  4  5 |
---------------+----------------+-----
Spellcasting   | 3 4 |  4.0
Earth Magic    | 4 |  4.4
Conjurations   | 1 |  1.4
Dodging        | |  1.5
Stealth        | |  2.1
Transmutations | |  0.7

Action                   |  1- 3 |  4- 6 || total
-------------------------+-------+-------++-------
Melee: Unarmed           |     9 |       ||     9
       Dagger            |     5 |       ||     5
       Hand axe          |    13 |    25 ||    38
 Cast: Sandblast         |    57 |    47 ||   104
       Stone Arrow       |       |     2 ||     2
  Use: Scroll            |       |     3 ||     3
       Potion            |       |     1 ||     1
 Stab: Sleeping          |     2 |     1 ||     3
  Eat: Chunk             |     9 |    11 ||    20
Armor: Robe              |    21 |    19 ||    40
Dodge: Dodged            |    41 |    46 ||    87
